 Dungeon Crawl Stone Soup version 0.25-a0-10-g2fe12d4386 (webtiles) character file.

Game seed: 13174541586809196098, levelgen mode: deterministic

467 MalarOregon the Conjurer (level 6, -5/52 HPs)
             Began as a Draconian Conjurer on Oct 15, 2019.
             Was a Follower of Nemelex Xobeh.
             Slain by an ice beast (9 damage)
             ... on level 5 of the Dungeon.
             The game lasted 00:07:10 (3988 turns).

MalarOregon the Conjurer (Draconian Conjurer)       Turns: 3988, Time: 00:07:10

Health: -5/52      AC:  8    Str: 10    XL:     6   Next: 81%
Magic:  9/11       EV: 13    Int: 17    God:    Nemelex Xobeh [*.....]
Gold:   159        SH:  0    Dex: 12    Spells: 11/12 levels left

rFire    . . .     SeeInvis .   o - +2 quarterstaff (chaos)
rCold    . . .     Gourm    .   (shield currently unavailable)
rNeg     . . .     Faith    .   (armour unavailable)
rPois    .         Spirit   .   (helmet restricted)
rElec    .         Reflect  .   c - +0 cloak
rCorr    .         Harm     .   (no gloves)
MR       .....                  i - +0 pair of boots
Stlth    +++.......             (no amulet)
HPRegen  0.17/turn              (no ring)
MPRegen  0.12/turn              l - ring of stealth

@: slowed, very slow
A: unfitting armour, cold-blooded, AC +6
a: Draw Escape, Draw Destruction, Draw Summoning, Renounce Religion


You were on level 5 of the Dungeon.
You worshipped Nemelex Xobeh.
Nemelex Xobeh was aware of your devotion.
You were not hungry.

You visited 1 branch of the dungeon, and saw 5 of its levels.

You collected 159 gold pieces.

Inventory:

Hand Weapons
 o - a +2 quarterstaff of chaos (weapon)
   (You took it off Crazy Yiuf on level 2 of the Dungeon)
Missiles
 q - 7 poisoned darts (quivered)
Armour
 c - a +0 cloak (worn)
   (You took it off Crazy Yiuf on level 2 of the Dungeon)
 i - a +0 pair of boots (worn)
   (You found it on level 3 of the Dungeon)
Jewellery
 l - a ring of stealth (right hand)
   (You found it on level 3 of the Dungeon)
Scrolls
 a - a scroll of noise {unknown}
 b - a scroll of remove curse {@r2}
 f - a scroll of enchant armour {unknown}
 g - a scroll of blinking
 h - a scroll of enchant weapon {unknown}
 j - a scroll of magic mapping
 k - 5 scrolls of identify {@r1}
 m - a scroll of amnesia {unknown}
 n - a scroll of immolation {unknown}
 p - a scroll of fog {unknown}
 s - 3 scrolls of teleportation {@r4}
Potions
 d - 2 potions of heal wounds {@q2}
Comestibles
 e - 5 rations {!d}


   Skills:
 + Level 3.6 Fighting
 + Level 3.6 Dodging
 - Level 1.7 Stealth
 + Level 3.7 Spellcasting
 + Level 5.3 Conjurations


You had 11 spell levels left.
You knew the following spells:

 Your Spells              Type           Power        Failure   Level  Hunger
a - Magic Dart            Conj           ###.         1%          1    None

Your spell library contained the following spells:

 Spells                   Type           Power        Failure   Level  Hunger
 Searing Ray              Conj           ###...       2%          2    ##.....
 Dazzling Spray           Conj/Hex       ##....       16%         3    ###....
 Iskenderun's Mystic Bla  Conj           ###.....     19%         4    ####...
 Force Lance              Conj/Tloc      ##......     47%         4    ####...
 Fulminant Prism          Conj/Hex       ##........   47%         4    ####...


Dungeon Overview and Level Annotations

Branches:
Dungeon (5/15)
 Temple: D:4-7

Altars:
Cheibriados
Dithmenos
Nemelex Xobeh
Okawaru
Yredelemnul
Zin
The Shining One


Innate Abilities, Weirdness & Mutations

Your plain brown scales are hard. (AC +6)
You cannot fit into any form of body armour.
You are cold-blooded and may be slowed by cold attacks.


Message History

You sock the centaur!
The centaur hits you but does no damage.
The centaur barely misses you. The ice beast barely misses you.
You hit the centaur. You freeze the centaur.
You kill the centaur!
The ice beast hits you but does no damage.
You closely miss the ice beast. The ice beast closely misses you.
The ice beast hits you but does no damage.
You sock the ice beast!
You melt the ice beast.
You tail-slap the ice beast, but do no damage.
The ice beast hits you but does no damage.
You closely miss the ice beast. The ice beast hits you.
The ice beast freezes you!
You feel yourself slow down.
Aim: an ice beast (heavily wounded)
The magic dart hits the ice beast.
The ice beast hits you but does no damage. x2
Aim: an ice beast (severely wounded)
The magic dart hits the ice beast.
You feel yourself speed up. The ice beast barely misses you.
Aim: an ice beast (severely wounded)
The magic dart hits the ice beast but does no damage.
The ice beast closely misses you.
An ice beast is nearby!
You hit the ice beast. The ice beast closely misses you.
The ice beast hits you but does no damage. x2
You hit the ice beast but do no damage. The ice beast hits you.
* * * LOW HITPOINT WARNING * * *
The ice beast freezes you!
You feel yourself slow down.
* * * LOW HITPOINT WARNING * * *
The ice beast barely misses you.
You don't know that spell.
You aren't carrying any items that you can evoke.
Unknown command.
You draw a card...
You have drawn Pain.
Aim: an ice beast (almost dead)
The ice beast barely resists.
The ice beast closely misses you. The ice beast hits you.
* * * LOW HITPOINT WARNING * * *
The ice beast freezes you!
You feel as though you will be slow longer.
* * * LOW HITPOINT WARNING * * *
The ice beast hits you.
* * * LOW HITPOINT WARNING * * *
The ice beast freezes you!
You die...
Your body glows slightly and disappears.

#..........#
###...#
##.#########
#####
#....#...
###..#..#
#..#..#
#..#..#
##.##.##
#..#YY#
#..#@.#
#..#..#
#..(..#
#######


You could see 2 ice beasts.

Vanquished Creatures
  A sky beast (D:5)
  An ogre (D:4)
  A centaur (D:5)
  An orc wizard (D:3)
  A worker ant (D:5)
  6 adders
  2 adder skeletons (D:5)
  A worm (D:3)
  2 dart slugs
  3 leopard geckos
  5 orcs
  8 giant cockroaches
  7 hobgoblins
  4 jackals (D:3)
  4 kobolds
  2 ball pythons
  8 bats
  6 frilled lizards
  9 goblins
  11 rats
83 creatures vanquished.

Vanquished Creatures (collateral kills)
  Crazy Yiuf (D:2)
1 creature vanquished.

Grand Total: 84 creatures vanquished

Notes
Turn   | Place    | Note
-------+----------+-------------------------------------------
     0 | D:1      | MalarOregon the Draconian Conjurer began the quest for the
                  | Orb.
     0 | D:1      | Reached XP level 1. HP: 14/14 MP: 3/3
   312 | D:1      | Reached XP level 2. HP: 22/22 MP: 0/5
   611 | D:1      | Reached skill level 1 in Fighting
   882 | D:1      | Found a glowing golden altar of the Shining One.
  1161 | D:2      | Reached XP level 3. HP: 27/28 MP: 1/6
  1664 | D:2      | Reached XP level 4. HP: 36/36 MP: 0/7
  1692 | D:2      | Found a sparkling altar of Nemelex Xobeh.
  1831 | D:2      | Found a runed translucent door.
  1832 | D:2      | Noticed Crazy Yiuf
  2007 | D:2      | Became a worshipper of Nemelex Xobeh the Trickster
  2034 | D:3      | Found an iron altar of Okawaru.
  2037 | D:3      | Found a shadowy altar of Dithmenos.
  2038 | D:3      | Found a basalt altar of Yredelemnul.
  2038 | D:3      | Found a glowing golden altar of the Shining One.
  2049 | D:3      | Found a glowing silver altar of Zin.
  2166 | D:3      | Received a gift from Nemelex Xobeh
  2438 | D:2      | Killed Crazy Yiuf
  2580 | D:3      | Reached XP level 5. HP: 40/42 MP: 9/9
  2954 | D:4      | Reached * piety under Nemelex Xobeh
  2977 | D:4      | Noticed an ogre
  2984 | D:4      | Killed an ogre
  2984 | D:4      | Reached skill level 5 in Conjurations
  3182 | D:4      | Reached XP level 6. HP: 51/51 MP: 6/10
  3319 | D:4      | Found a snail-covered altar of Cheibriados.
  3811 | D:5      | Entered Level 5 of the Dungeon
  3945 | D:5      | Noticed a sky beast
  3960 | D:5      | Killed a sky beast
  3973 | D:5      | Noticed an ice beast
  3988 | D:5      | Slain by an ice beast

Levels and vault maps discovered:
D:1:      sevenhm_arrival_forest_fort_small_6, layout_loops_ring,
          minmay_misc_feat_ornament
D:2:      layout_rooms, nicolae_overflow_crystal_walls, first_ration,
          uniq_crazy_yiuf_cottage
D:3:      layout_loops_ring, grunt_temple_overflow_open
D:4:      layout_loops_ring, cheibriados_altar_1, chequers_serial_rivers_marsh,
          serial_bayou_pond_c
D:5:      minmay_angry_zag, layout_rooms, gammafunk_ghost_gnarly_gnolls,
          kennysheep_decorative_pillar, uniq_prince_ribbit1

Skill      XL: |  1  2  3  4  5 |
---------------+----------------+-----
Dodging        | 2 3 |  3.6
Fighting       | 1 2 3 |  3.6
Spellcasting   | 3 |  3.7
Conjurations   | 5 |  5.3
Stealth        | |  1.7

Action                   |  1- 3 |  4- 6 || total
-------------------------+-------+-------++-------
Melee: Dagger            |    79 |    57 ||   136
       Tailslap          |     6 |    11 ||    17
       Unarmed           |     1 |       ||     1
       Quarterstaff      |       |    69 ||    69
Throw: Dart              |       |     6 ||     6
 Cast: Magic Dart        |    60 |    43 ||   103
 Abil: Draw Escape       |       |     1 ||     1
       Draw Summoning    |       |     1 ||     1
       Draw Destruction  |       |     1 ||     1
  Use: Potion            |     3 |     1 ||     4
       Scroll            |     4 |     2 ||     6
 Stab: Sleeping          |     2 |     1 ||     3
  Eat: Chunk             |     3 |     8 ||    11
Armor: Skin              |    28 |    49 ||    77
Dodge: Dodged            |    68 |    98 ||   166

Table legend:
 A = Non-vault XP
 B = Vault XP
 C = Vault XP percentage of total XP
 D = Non-vault monster count
 E = Vault monster count
 F = Vault count percentage of total count
                 A         B        C        D         E       F
            +---------+---------+-------+---------+---------+-------
      Total |     403 |     265 |  39.7 |      80 |       4 |   4.8
            +---------+---------+-------+---------+---------+-------
        D:1 |      34 |       0 |   0.0 |      21 |       0 |   0.0
        D:2 |      79 |      21 |  21.0 |      24 |       1 |   4.0
        D:3 |     106 |       0 |   0.0 |      29 |       0 |   0.0
        D:4 |     147 |       0 |   0.0 |       4 |       0 |   0.0
        D:5 |      37 |     244 |  86.8 |       2 |       3 |  60.0
            +---------+---------+-------+---------+---------+-------
